 Dungeon Crawl Stone Soup version 0.26.1-11-gd32895ea62 (webtiles) character file.

Game seed: 14758233806647526984

3290 Zeld the Cleaver (level 9, -3/74 HPs)
             Began as a Deep Dwarf Fighter on June 5, 2021.
             Was a Believer of Makhleb.
             Slain by a two-headed ogre
             ... wielding a +0 dire flail
              (22 damage)
             ... on level 8 of the Dungeon.
             The game lasted 00:08:06 (7146 turns).

Zeld the Cleaver (Deep Dwarf Fighter)               Turns: 7146, Time: 00:08:06

Health: -3/74      AC: 10    Str: 24    XL:     9   Next: 69%
Magic:  5/5        EV:  8    Int:  8    God:    Makhleb [**....]
Gold:   175        SH:  9    Dex: 12    Spells: 8/8 levels left

rFire    . . .     SeeInvis +   a - +0 war axe
rCold    . . .     Faith    .   c - +0 kite shield
rNeg     . . .     Spirit   .   e - +1 ring mail {rPois}
rPois    +         Reflect  .   B - +0 helmet
rElec    .         Harm     .   (no cloak)
rCorr    .         Rampage  .   p - +0 pair of gloves
Will     +....                  m - +0 pair of boots
Stlth    +.........             (no amulet)
HPRegen  0.00/turn              y - ring of see invisible
MPRegen  0.09/turn              (no ring)

@: non-regenerating
A: damage resistance, heal wounds, sense surroundings 2, no regeneration
a: Heal Wounds, Renounce Religion, Minor Destruction


You were on level 8 of the Dungeon.
You worshipped Makhleb.
Makhleb was pleased with you.
You visited 2 branches of the dungeon, and saw 9 of its levels.

You collected 470 gold pieces.
You spent 295 gold pieces at shops.

Inventory:

Hand Weapons
 a - a +0 war axe (weapon)
Missiles
 t - 54 poisoned darts (quivered)
 C - 8 boomerangs
 G - a throwing net
Armour
 c - a +0 kite shield (worn)
 e - a +1 ring mail of poison resistance (worn)
 m - a +0 pair of boots (worn)
 p - a +0 pair of gloves (worn)
 B - a +0 helmet (worn)
Jewellery
 w - an uncursed ring of resist corrosion
 y - a ring of see invisible (left hand)
 J - an uncursed ring of protection from cold
 M - an uncursed ring of protection from fire
Wands
 q - a wand of disintegration (15)
 H - a wand of acid (12)
Scrolls
 g - a scroll of noise {unknown}
 h - 7 scrolls of teleportation
 i - 2 scrolls of enchant armour {unknown}
 j - 6 scrolls of remove curse
 l - 4 scrolls of amnesia {unknown}
 o - 3 scrolls of fear {unknown}
 u - a scroll of random uselessness {unknown}
 E - a scroll of magic mapping {unknown}
 F - 2 scrolls of blinking {unknown}
 I - 3 scrolls of fog {unknown}
 L - a scroll of enchant weapon {unknown}
 O - a scroll of summoning {unknown}
Potions
 b - 7 potions of heal wounds
 d - a potion of might
 f - 5 potions of brilliance
 k - 4 potions of curing
 n - a potion of resistance {unknown}
 r - 2 potions of cancellation
 s - 2 potions of magic
 x - 5 potions of ambrosia {unknown}
 z - a potion of degeneration {unknown}
 A - 3 potions of flight {unknown}
 K - a potion of haste {unknown}


   Skills:
 - Level 2.6 Fighting
 * Level 14.4 Axes
 - Level 3.2 Armour
 - Level 3.2 Shields


You had 8 spell levels left.
You didn't know any spells.
Your spell library contained the following spells:

 Spells                   Type           Power        Failure   Level
 Animate Skeleton         Necr           0%           97%         1
 Apportation              Tloc           0%           97%         1
 Corona                   Hex            0%           97%         1
 Summon Small Mammal      Summ           0%           97%         1
 Call Imp                 Summ           0%           99%         2
 Call Canine Familiar     Summ           0%           100%        3
 Summon Guardian Golem    Hex/Summ       0%           100%        3
 Summon Ice Beast         Ice/Summ       0%           100%        4
 Summon Lightning Spire   Summ/Air       0%           100%        4


Dungeon Overview and Level Annotations

Branches:
Dungeon (8/15)             Temple (1/1) D:5
   Lair: D:8-11

Altars:
Ashenzari
Cheibriados
Dithmenos
Elyvilon
Fedhas
Gozag
Hepliaklqana
Kikubaaqudgha
Makhleb
Nemelex Xobeh
Okawaru
Qazlal
Ru
Sif Muna
Trog
Uskayaw
Vehumet
Wu Jian
Xom
Yredelemnul
Zin
The Shining One

Shops:
D:6 *


Innate Abilities, Weirdness & Mutations

You are resistant to damage.
You can heal yourself by infusing magical energy.
You passively map the area around you.
You do not regenerate.


Message History

The two-headed ogre is heavily wounded.
You block the two-headed ogre's attack. The two-headed ogre barely misses you.
You hit the two-headed ogre.
The two-headed ogre is heavily wounded.
You closely miss the two-headed ogre.
The two-headed ogre is heavily wounded.
The two-headed ogre completely misses you.
The two-headed ogre hits you with a cursed +0 giant club!
You hit the two-headed ogre but do no damage.
The two-headed ogre is heavily wounded.
You block the two-headed ogre's attack.
The two-headed ogre hits you but does no damage.
You are too injured to fight recklessly!
You are too injured to fight recklessly!
You barely miss the two-headed ogre.
The two-headed ogre is heavily wounded.
The two-headed ogre hits you with a +0 dire flail!!
* * * LOW HITPOINT WARNING * * *
The two-headed ogre hits you with a cursed +0 giant club!!
You die...

#### ##....## * ###
#..# ##......# *
...###..## #........
,
.........####..###...
* .........##...#
#... **
**#......#...## ##..
*,. * ##.......###
#.. ....###...$..###
#.. *#.....O@..####
#.. ###......## #..
##...### #.! ##.. ##.
#.., * ..# ### *


You could see a two-headed ogre.

Vanquished Creatures
  The ghost of Zeld the Severer, a novice MiBe of Trog (D:7)
  The ghost of Tirrikindir the Slasher, a novice OpFi of Dithmenos (D:5)
  A troll (D:4)
  A hornet (D:7)
  2 black bears
  An ice beast (D:5)
  A sky beast (D:6)
  A phantom (D:8)
  2 ogres
  2 centaurs
  A big kobold (D:7)
  A gnoll sergeant (D:8)
  A scorpion (D:7)
  10 killer bees
  2 electric eels (D:6)
  3 orc priests (D:4)
  3 hounds
  3 orc wizards (D:4)
  An iguana (D:5)
  3 worker ants
  A hound zombie (D:5)
  4 gnolls (D:8)
  6 adders
  A shadow imp (D:5)
  An ooze (D:2)
  An adder skeleton (D:4)
  A worm (D:2)
  2 dart slugs (D:2)
  5 leopard geckos
  13 orcs
  A ball python (D:2)
  18 giant cockroaches
  15 goblins
  10 hobgoblins
  9 kobolds
  3 quokkas
  8 bats
  4 frilled lizards
  A jackal skeleton (D:4)
  A leopard gecko skeleton (D:4)
  10 rats
156 creatures vanquished.

Notes
Turn   | Place    | Note
-------+----------+-------------------------------------------
     0 | D:1      | Zeld the Deep Dwarf Fighter began the quest for the Orb.
     0 | D:1      | Reached XP level 1. HP: 20/20 MP: 1/1
    40 | D:1      | Reached skill level 3 in Axes
    40 | D:1      | Reached XP level 2. HP: 24/27 MP: 2/2
   306 | D:2      | Reached XP level 3. HP: 24/33 MP: 3/3
   314 | D:2      | Reached skill level 4 in Axes
   744 | D:2      | Reached XP level 4. HP: 24/40 MP: 4/4
  1012 | D:4      | Found an iron altar of Okawaru.
  1047 | D:4      | Reached skill level 5 in Axes
  1169 | D:4      | Reached XP level 5. HP: 17/46 MP: 5/5
  1182 | D:4      | Reached skill level 6 in Axes
  1357 | D:4      | Reached skill level 7 in Axes
  1401 | D:4      | Reached XP level 6. HP: 38/55 MP: 5/5
  1763 | D:4      | You fall into a shaft and drop 3 floors!
  1797 | D:7      | Found a transporter.
  1799 | D:7      | Found a transporter.
  1800 | D:7      | Noticed Zeld's ghost (novice MiBe)
  1804 | D:7      | Noticed a hornet
  2017 | D:7      | Reached skill level 8 in Axes
  2064 | D:6      | Reached XP level 7. HP: 42/61 MP: 6/6
  2133 | D:6      | Reached skill level 9 in Axes
  2662 | D:5      | Entered Level 5 of the Dungeon
  2698 | D:5      | Found a staircase to the Ecumenical Temple.
  2703 | Temple   | Entered the Ecumenical Temple
  2785 | Temple   | Became a worshipper of Makhleb the Destroyer
  3006 | D:5      | Found a runed translucent gate.
  3009 | D:5      | Found a runed translucent gate.
  3009 | D:5      | Found a runed translucent gate.
  3013 | D:5      | Noticed Tirrikindir's ghost (novice OpFi)
  4138 | D:3      | Found a sparkling altar of Nemelex Xobeh.
  4153 | D:3      | Reached * piety under Makhleb
  4822 | D:4      | Noticed a troll
  4843 | D:4      | Killed a troll
  4844 | D:4      | Reached skill level 10 in Axes
  4844 | D:4      | Reached XP level 8. HP: 39/68 MP: 4/4
  5443 | D:5      | Reached skill level 11 in Axes
  5453 | D:5      | Killed Tirrikindir's ghost
  5498 | D:6      | Found Becremn's Assorted Antiques.
  5506 | D:6      | Bought an opal ring for 125 gold pieces
  5506 | D:6      | Bought 2 ruby potions for 45 gold pieces
  5506 | D:6      | Bought a crooked ivory wand for 100 gold pieces
  5506 | D:6      | Bought a scroll labelled DATORY BOUMOUD for 25 gold pieces
  5652 | D:6      | Reached skill level 12 in Axes
  6188 | D:7      | Found a snail-covered altar of Cheibriados.
  6306 | D:7      | Found a shimmering altar of Xom.
  6705 | D:8      | Gained mutation: You passively map the area around you.
                  | [Deep Dwarf growth]
  6705 | D:8      | Reached XP level 9. HP: 58/74 MP: 5/5
  6799 | D:7      | Killed Zeld's ghost
  6800 | D:7      | Reached skill level 13 in Axes
  6801 | D:7      | Paralysed by a hornet for 1 turns
  6817 | D:7      | Reached skill level 14 in Axes
  7039 | D:8      | Reached ** piety under Makhleb
  7135 | D:8      | Noticed a two-headed ogre
  7146 | D:8      | Slain by a two-headed ogre

Illustrated notes

Levels and vault maps discovered:
D:1:      minmay_arrival_arboretum_small, layout_basic
D:2:      minmay_roachtagon, layout_loops_ring
D:3:      layout_loops_ring, nemelex_xobeh_ov_fountains_minmay
D:4:      layout_basic, general_overflow_altar, dk_vineyard_1,
          minmay_small_thing
D:5:      layout_loops_ring, minmay_temple_entry_arrows, gammafunk_ghost_split,
          solitary_fountain, hangedman_decor_push, minmay_fountain_box,
          minmay_curled_crystal
D:6:      layout_loops_ring, serial_shops, shop, water_maze_lemuel
D:7:      layout_loops_ring, marbit_many_paths, lemuel_doored_altar,
          gammafunk_ghost_hive, minmay_three_doors
D:8:      layout_layer_cave, serial_shops, shop, kennysheep_generic_room_10
Temple:   dpeg_five_rooms_temple

Skill      XL: |  1  2  3  4  5  6  7  8  9 |
---------------+----------------------------+-----
Axes           | 3 4 5 7 8 10 12 14 | 14.4
Fighting       | |  2.6
Armour         | |  3.2
Shields        | |  3.2

Action                   |  1- 3 |  4- 6 |  7- 9 || total
-------------------------+-------+-------+-------++-------
Melee: War axe           |   142 |   132 |   280 ||   554
 Abil: Heal Wounds       |       |     6 |    19 ||    25
  Use: Scroll            |       |       |     9 ||     9
Armor: Scale mail        |    11 |       |       ||    11
       Ring mail         |    42 |    45 |   136 ||   223
Dodge: Dodged            |    64 |    41 |   125 ||   230
Block: Kite shield       |   100 |    77 |   185 ||   362
